 Dungeon Crawl Stone Soup version 0.31-a0-190-g4feb4907b2 (webtiles) character file.

Game seed: 14923138186963855544

37 qw the Shooter (level 3, -4/20 HPs)
             Began as a Deep Elf Hunter on June 23, 2023.
             Slain by a gnoll
             ... wielding a +0 halberd
              (12 damage)
             ... on level 2 of the Dungeon.
             The game lasted 00:00:19 (732 turns).

qw the Shooter (Deep Elf Hunter)                     Turns: 732, Time: 00:00:19

Health: -4/20      AC:  6    Str: 10    XL:     3   Next: 21%
Magic:  5/5        EV:  9    Int: 13    God:
Gold:   52         SH:  0    Dex: 18    Spells: 2/2 levels left

rFire   . . .        Y - +0 shortbow
rCold   . . .        (shield currently unavailable)
rNeg    . . .        g - +0 scale mail
rPois   .            (no helmet)
rElec   .            (no cloak)
rCorr   .            (no gloves)
SInv    .            (no boots)
Will    .....        (no amulet)
Stlth   +            (no ring)
HPRegen 0.23/turn    (no ring)
MPRegen 0.09/turn

%: no passive effects
@: no status effects
A: no striking features
a: no special abilities


You were on level 2 of the Dungeon.
You visited 1 branch of the dungeon, and saw 2 of its levels.

You collected 52 gold pieces.


   Skills:
 - Level 1.5 Fighting
 + Level 6.8 Ranged Weapons
 - Level 2.4 Dodging
 - Level 1.2 Stealth


You had 2 spell levels left.
You didn't know any spells.
Your spell library was empty.

Inventory:

Hand Weapons
 Y - a +0 shortbow (weapon)
Armour
 g - a +0 scale mail (worn)
Scrolls
 a - 2 scrolls of identify
 b - 3 scrolls of fear {unknown}
Potions
 f - a potion of resistance

Dungeon Overview and Level Annotations

Branches:
Dungeon (2/15)

Altars:

Shops:
D:1 =


Message History

An adder comes into view.
The adder hisses angrily.
Enter note:
Enter note: You shoot an arrow.
The arrow hits the adder!
The adder is severely wounded.
You shoot an arrow. The arrow hits the adder!
You kill the adder!
You have reached level 3!
Your experience leads to an increase in your attributes!
Increase (S)trength, (I)ntelligence, or (D)exterity?
You feel stronger. x2
You now have 43 gold pieces (gained 10).
You now have 52 gold pieces (gained 9).
A goblin comes into view. It is wielding a +0 dagger.
The goblin shouts!
Enter note:
Enter note: You shoot an arrow.
The arrow closely misses the goblin.
You hear a shout!
A giant cockroach comes into view.
A gnoll comes into view. It is wielding a +0 halberd.
You hear a shout!
You shoot an arrow.
The arrow hits the gnoll but does no damage.
The giant cockroach waves its antennae.
You shoot an arrow.
The arrow hits the gnoll but does no damage.
A bat comes into view.
The gnoll hits you from afar with a +0 halberd.
The bat moves out of view.
You shoot an arrow. The arrow hits the gnoll.
The gnoll is moderately wounded.
The gnoll hits you from afar with a +0 halberd!
The gnoll hits you but does no damage. The goblin closely misses you.
You shoot an arrow. The arrow hits the goblin.
You kill the goblin!
The gnoll hits you from afar with a +0 halberd!
Ouch! That really hurt!
You die...

...# ?..## ... ....## ..
.....#### ..
...#....####### .
######......... .###
#.[##########g..##. ##
#.)..%.............
.#####..###...##@.......
........#.##..##.B......
........##.##..#........
#..###...##....#........
..........#...##..$.....
....#........###........
.#####..##..## .........
## #..##### .........
#....


You could see a gnoll and a giant cockroach.

Vanquished Creatures
  An adder (D:2)
  A dart slug (D:1)
  3 ball pythons (D:1)
  3 endoplasms (D:1)
  2 giant cockroaches
  2 goblins
  5 hobgoblins
  2 quokkas (D:1)
  4 bats
  A kobold (D:1)
24 creatures vanquished.

Notes
Turn   | Place    | Note
-------+----------+-------------------------------------------
     0 | D:1      | qw the Deep Elf Hunter began the quest for the Orb.
     0 | D:1      | Reached XP level 1. HP: 12/12 MP: 3/3
     0 | D:1      | 0 ||| qw: Version: 0.3-a-9-g12657ce
     0 | D:1      | 0 ||| qw: Game counter: 4474
     0 | D:1      | 0 ||| qw: Always use a shield: true
     0 | D:1      | 0 ||| qw: God list: Okawaru
     0 | D:1      | 0 ||| qw: Allow faded altars: false
     0 | D:1      | 0 ||| qw: Do Orc after D:15 true
     0 | D:1      | 0 ||| qw: Do second Lair branch before Depths: true
     0 | D:1      | 0 ||| qw: Lair rune preference: random
     0 | D:1      | 0 ||| qw: Plans: Normal
     0 | D:1      | 0 ||| PLANNING D:1-11
    87 | D:1      | Reached XP level 2. HP: 16/16 MP: 4/4
   140 | D:1      | Reached skill level 6 in Ranged Weapons
   234 | D:1      | Found Qypot's Jewellery Shop.
   241 | D:1      | 241 ||| SHOPLISTING +5 ring of evasion (504 gold, have 33).
   241 | D:1      | 241 ||| SHOPLISTING +6 ring of strength (504 gold, have
                  | 33).
   241 | D:1      | 241 ||| SHOPLISTING amulet of regeneration (420 gold, have
                  | 33).
   241 | D:1      | 241 ||| SHOPLISTING ring of Muid {rF+ rC+ Int+3 Dex+3} (722
                  | gold, have 33).
   241 | D:1      | 241 ||| SHOPLISTING ring of fire (350 gold, have 33).
   594 | D:1      | 594 ||| UPGRADING to +0 scale mail.
   604 | D:1      | 604 ||| DROPPING +0 leather armour.
   605 | D:1      | 605 ||| READING 4 scrolls labelled XAALOA GUHIT.
   606 | D:1      | 606 ||| READING scroll labelled UCISOS TATOKUO.
   607 | D:1      | 607 ||| DRINKING 2 blue potions.
   608 | D:1      | 608 ||| READING 3 scrolls of identify.
   608 | D:1      | 608 ||| IDENTIFYING sapphire potion
   609 | D:1      | 609 ||| DROPPING scroll of butterflies.
   610 | D:1      | 610 ||| DROPPING potion of degeneration.
   710 | D:2      | Reached XP level 3. HP: 20/20 MP: 5/5
   732 | D:2      | Slain by a gnoll

Levels and vault maps discovered:
D:1:      lemuel_arrival_muddy, layout_loops_ring, serial_shops, shop
D:2:      layout_rooms, serial_shops, nicolae_diamond_shop, minmay_cupped

Skill      XL: |  1  2 |
---------------+-------+-----
Ranged Weapons | 6 |  6.8
Fighting       | |  1.5
Dodging        | |  2.4
Stealth        | |  1.2

Action                     || total
---------------------------++-------
   Fire: Shortbow          ||    70
    Use: Scroll            ||     3
         Potion            ||     1
 Armour: Leather armour    ||     3
         Scale mail        ||     7
  Dodge: Dodged            ||    15

Table legend:
 A = Non-vault XP
 B = Vault XP
 C = Vault XP percentage of total XP
 D = Non-vault monster count
 E = Vault monster count
 F = Vault count percentage of total count
                 A         B        C        D         E       F
            +---------+---------+-------+---------+---------+-------
      Total |      39 |      16 |  29.1 |      21 |       3 |  12.5
            +---------+---------+-------+---------+---------+-------
        D:1 |      31 |       0 |   0.0 |      17 |       0 |   0.0
        D:2 |       8 |      16 |  66.7 |       4 |       3 |  42.9
            +---------+---------+-------+---------+---------+-------
